Map: Site Delta LE

Players

Subwayeatn - Winner!

  • Race: Zerg Zerg
  • League: Platinum
  • Spawn Location: 11:00

MacKayA

  • Race: Zerg Zerg
  • League: Diamond
  • Spawn Location: 5:00

VOD

Have the link to the VOD?

Description

Time

  • Played on: Nov. 11, 2023, 12:53 p.m.
  • Length: 4:53
Show
View Real Time Build Order
Export as new Build Order

Subwayeatn Zerg - Winner!

Build Orders: Pool First 

Get SALT Encoding   

  12  0:00  Drone  
  13  0:08  Drone  
  14  0:18  Extractor  
  13  0:31  Spawning Pool  
  12  0:56  Hatchery  
  11  1:18  Queen  
  13  1:19  Zergling x2  
  14  1:29  Overlord  
  14  1:40  Metabolic Boost  
  14  1:57  Zergling x2  
  14  1:58  Zergling x4  
  17  2:09  Zergling x2  
  17  2:10  Zergling x2  
  19  2:17  Queen  
  21  2:29  Zergling x4  
  23  2:34  Zergling x2  
  24  2:39  Zergling x2  
  25  2:51  Zergling x2  
  25  2:52  Zergling x4  
  28  3:00  Overlord  
  25  3:27  Zergling x2  
  25  3:28  Zergling x10  
  31  3:40  Zergling x6  
  25  4:00  Zergling x8  
  28  4:07  Zergling x4  
  27  4:18  Zergling x4  
  29  4:25  Drone  
Show
View Real Time Build Order
Export as new Build Order

MacKayA Zerg 

Build Orders: Hatch First 

Get SALT Encoding   

  12  0:00  Drone  
  13  0:12  Overlord  
  13  0:16  Drone  
  14  0:30  Drone x2  
  16  0:51  Extractor  
  16  0:52  Hatchery  
  14  1:04  Spawning Pool  
  14  1:08  Drone  
  14  1:12  Drone  
  14  1:16  Drone  
  16  1:22  Drone  
  17  1:30  Drone  
  18  1:41  Drone  
  19  1:51  Queen  
  19  1:54  Metabolic Boost  
  21  1:56  Drone  
  22  2:08  Drone x2  
  24  2:12  Queen  
  24  2:14  Drone  
  27  2:17  Drone  
  28  2:26  Overlord  
  28  2:28  Overlord  
  28  2:37  Overlord  
  28  2:45  Zergling x2  
  28  2:48  Zergling x4  
  31  3:02  Evolution Chamber  
  31  3:03  Evolution Chamber  
  29  3:06  Spine Crawler  
  28  3:16  Zergling x2  
  28  3:17  Zergling x10  
  29  3:23  Zergling x8  
  30  3:28  Spine Crawler  
  30  3:29  Zergling x2  
  30  3:30  Spine Crawler  
  29  3:34  Zergling x4  
  29  3:52  Zergling x2  
  24  3:59  Hatchery  
  24  4:00  Zergling x2  
  20  4:22  Zergling x4  
Tags
 
Add a new tag
Caveats
  • Supply blocks, unpowered buildings, or Contaminate may cause inaccurate times.
  • Supply counts are checked every 10 seconds.